 Dungeon Crawl Stone Soup version 0.22-a0-580-gd5db89c (webtiles) character file.

43 theanonym the Grave Robber (level 3, 0/24 HPs)
             Began as a Mummy Necromancer on July 3, 2018.
             Slain by a bat (1 damage)
             ... on level 2 of the Dungeon.
             The game lasted 00:02:00 (1465 turns).

theanonym the Grave Robber (Mummy Necromancer)      Turns: 1465, Time: 00:02:00

Health: 0/24       AC:  2    Str: 11    XL:     3   Next: 37%
Magic:  8/8        EV: 12    Int: 15    God:
Gold:   87         SH:  0    Dex: 12    Spells: 7/9 levels left

rFire    x . .     SeeInvis .   c - +0 hand axe
rCold    + . .     Gourm    .   (no shield)
rNeg     + + +     Faith    +   a - +0 robe
rPois    ∞         Spirit   .   (no helmet)
rElec    .         Reflect  .   (no cloak)
rCorr    .         Harm     .   (no gloves)
MR       .....                  (no boots)
Stlth    ++........             f - amulet of faith
HPRegen  0.08/turn              (no ring)
MPRegen  0.11/turn              (no ring)

@: no status effects
A: no food or potions, fire vulnerability, cold resistance 1, negative energy
resistance 3, torment resistance, unbreathing
a: no special abilities


Innate Abilities, Weirdness & Mutations

You do not eat or drink.
Your flesh is vulnerable to fire.
You are immune to poison.
Your flesh is cold resistant. (rC+)
You are immune to negative energy. (rN+++)
You are immune to unholy pain and torment.
You can survive without breathing.


   Skills:
 - Level 1.5 Dodging
 - Level 1.5 Stealth
 + Level 3.9 Spellcasting
 + Level 4.6 Necromancy


You had 7 spell levels left.
You knew the following spells:

 Your Spells              Type           Power        Failure   Level  Hunger
a - Pain                  Necr           ###.         2%          1    N/A
e - Animate Skeleton      Necr           N/A          2%          1    N/A

Your spell library contained the following spells:

 Spells                   Type           Power        Failure   Level  Hunger
 Animate Dead             Necr           N/A          26%         4    N/A
 Vampiric Draining        Necr           ###.......   9%          3    N/A
 Regeneration             Chrm/Necr      #.........   22%         3    N/A

Skill      XL: |  1 |
---------------+----+-----
Spellcasting   | 3 |  3.9
Dodging        | |  1.5
Stealth        | |  1.5
Necromancy     | |  4.6

Action                   || total
-------------------------++-------
Melee: Hand axe          ||    41
 Cast: Pain              ||    27
       Animate Skeleton  ||     4
  Use: Scroll            ||     2
 Stab: Sleeping          ||     1
Armor: Robe              ||    16
Dodge: Dodged            ||    63

Inventory:

Hand Weapons
 c - a +0 hand axe (weapon)
   (You found it on level 1 of the Dungeon)
Armour
 a - a +0 robe (worn)
Jewellery
 f - an amulet of faith (around neck)
   (You found it on level 2 of the Dungeon)
Scrolls
 d - a scroll of random uselessness
 r - a scroll of identify


You were on level 2 of the Dungeon.
You were not hungry.

You visited 1 branch of the dungeon, and saw 2 of its levels.

You collected 87 gold pieces.

Dungeon Overview and Level Annotations

Branches:
Dungeon (2/15)

Altars:

#.## #.# #.# #.# ### #.# #.# ...
#'## #.# #.# ...## #.# #.# #
....## ##.## #####.##### ...!.##
##...# #..........
......####..#.#########.....###..
......'.........@b.gg%........'..
......####....#######)......###..
.....## ##.#.# #.......# #..
....## ###.# ###...### #.# ...##
#.# #...# #.# #+## #.# ##..). ...
#.# #.# #.#######. #.# #.# #.# .
#.###########.# .


You could see 2 gnolls and a bat (inner flame).

Notes
Turn   | Place    | Note
-------+----------+-------------------------------------------
     0 | D:1      | theanonym the Mummy Necromancer began the quest for the Orb.
     0 | D:1      | Reached XP level 1. HP: 13/13 MP: 4/4
   232 | D:1      | Reached skill level 3 in Spellcasting
   241 | D:1      | HP: 6/13 [goblin/dagger (4)]
   241 | D:1      | HP: 1/13 [goblin/dagger (5)]
   243 | D:1      | Reached XP level 2. HP: 2/19 MP: 0/6
   517 | D:1      | Learned a level 1 spell: Animate Skeleton
  1003 | D:2      | HP: 9/19 [adder (2)]
  1276 | D:2      | Reached XP level 3. HP: 24/24 MP: 2/8
  1434 | D:2      | HP: 9/24 [gnoll/flail (5)]
  1434 | D:2      | HP: 3/24 [gnoll/spear (6)]
  1452 | D:2      | HP: 2/24 [bat (1)]
  1461 | D:2      | HP: 1/24 [bat (1)]
  1465 | D:2      | Slain by a bat

Vanquished Creatures
  A gnoll (D:2)
  An adder (D:2)
  A leopard gecko (D:2)
  A giant cockroach (D:1)
  3 goblins
  3 hobgoblins
  6 jackals
  A kobold (D:1)
  4 rats
21 creatures vanquished.

Vanquished Creatures (collateral kills)
  A jackal (D:2)
1 creature vanquished.

Grand Total: 22 creatures vanquished

Table legend:
 A = Turns spent in this place as a percentage of turns spent in the entire game.
 B = Non-inter-level travel turns spent in this place as a percentage of non-inter-level travel turns spent in the entire game.
 C = Inter-level travel turns spent in this place as a percentage of turns spent in this place.
 D = Turns resting spent in this place as a percentage of non-inter-level travel turns spent in this place.
 E = Turns spent auto-exploring this place as a percentage of non-inter-level travel turns spent in this place.
 F = Non-inter-level travel turns spent in this place divided by the number of levels of this place that you've seen.
                   A       B       C       D       E      F
               +-------+-------+-------+-------+-------+----------------------
         Total | 100.0 | 100.0 |   3.6 |  43.5 |  44.1 | 706.0
       Dungeon | 100.0 | 100.0 |   3.6 |  43.5 |  44.1 | 706.0
               +-------+-------+-------+-------+-------+----------------------
